 Dungeon Sprint DCSS version 0.20-a0-556-g892c87b (webtiles) character file.

914 Kidiri the Thaumaturge (level 7, -2/44 HPs)
             Began as a Deep Elf Fire Elementalist on Feb 4, 2017.
             Was a Believer of Vehumet.
             Slain by a shadow (9 damage)
             ... in the Dungeon (Sprint III: "The Ten Rune Challenge").
             The game lasted 00:03:53 (933 turns).

Kidiri the Thaumaturge (Deep Elf Fire Elementalist)  Turns: 933, Time: 00:03:54

Health: -2/44      AC:  2    Str:  5    XL:     7   Next: 82%
Magic:  13/21      EV: 17    Int: 22    God:    Vehumet [**....]
Gold:   45         SH:  0    Dex: 17    Spells: 10/29 levels left

rFire    + . .     SeeInvis .   m - +0 dagger
rCold    . . .     Gourm    .   a - +0 robe
rNeg     . . .     Faith    .   (no shield)
rPois    .         Spirit   .   (helmet restricted)
rElec    +         Reflect  .   (no cloak)
rCorr    .         Harm     .   (no gloves)
MR       .....     Clarity  +   (no boots)
Stlth    ++........ NoTele   +  (no amulet)
Regen    0.2/turn               (no ring)
                                (no ring)

@: hasted, very quick
A: antennae 1, agile 1, clarity, fire resistance 1, low mp 1, electricity
resistance
a: Renounce Religion


You were in the Dungeon.
You worshipped Vehumet.
Vehumet was pleased with you.
You were not hungry.

You visited 1 branch You collected 45 gold pieces.

Inventory:

Hand Weapons
 m - a +0 dagger (weapon)
Armour
 a - a +0 robe (worn)
Scrolls
 i - a scroll of blinking
 l - 2 scrolls of holy word
 n - 4 scrolls of remove curse
Potions
 b - a potion of might
 g - 2 potions of magic
 h - a potion of berserk rage
 k - a potion of brilliance
 p - 3 potions of cure mutation
 q - 2 potions of flight
Comestibles
 c - a bread ration
 j - 2 chunks of flesh
 o - 2 royal jellies


   Skills:
 + Level 5.0 Fighting
 + Level 4.6 Short Blades
 + Level 5.0 Armour
 + Level 7.8 Dodging
 - Level 2.4 Stealth
 * Level 11.6 Spellcasting
 + Level 6.8 Conjurations
 + Level 7.5 Fire Magic
 + Level 1.3 Air Magic


You had 10 spell levels left.
You knew the following spells:

 Your Spells              Type           Power        Failure   Level  Hunger
a - Flame Tongue          Conj/Fire      #####        1%          1    None
b - Throw Flame           Conj/Fire      #####.       1%          2    None
c - Conjure Flame         Conj/Fire      #####...     1%          3    None
d - Inner Flame           Hex/Fire       ####....     3%          3    None
e - Sticky Flame          Conj/Fire      #####...     2%          4    None
f - Fireball              Conj/Fire      #####.....   10%         5    ####...
g - Shock                 Conj/Air       ####         1%          1    None


Dungeon Overview and Level Annotations

Branches:
Dungeon (1/1)

Altars:
Dithmenos
Elyvilon
Kikubaaqudgha
Okawaru
Ru
Sif Muna
Trog
Uskayaw
Vehumet
Yredelemnul
Zin
The Shining One
Beogh


Innate Abilities, Weirdness & Mutations

You have a pair of small antennae on your head.
You are agile. (Dex +2)
You possess an exceptional clarity of mind.
Your flesh is heat resistant. (rF+)
Your magical capacity is low. (-10% MP)
You are resistant to electric shocks. (rElec)


Message History

Press: ? - help, Shift-Dir - straight line The flame tongue misses the shadow.
The shadow barely misses you.
Casting: Flame Tongue
Confirm with . or Enter, or press ? or * to list all spells.
Aiming: Flame Tongue
Press: ? - help, Shift-Dir - straight line The flame tongue hits the shadow.
The shadow appears unharmed.
The shadow is heavily damaged.
The shadow closely misses you.
Casting: Flame Tongue
Confirm with . or Enter, or press ? or * to list all spells.
Aiming: Flame Tongue
Press: ? - help, Shift-Dir - straight line, f - shadow
Aim: a shadow (heavily damaged)
The flame tongue hits the shadow.
The shadow is heavily damaged.
The shadow hits you!
* * * LOW HITPOINT WARNING * * *
You feel yourself speed up. The shadow hits you!
You die...

▓ ▓▓▓ ♣♣
♣.############ .♣
♣.#___#__[#__# ♣♣
♣.#:..#__)#%_#
.♣♣♣♣.###+#+###+##
......#...)......#
≈♣.♣..'.⌠........#
≈≈≈♣♣.#...######@#
≈≈....#.⌠.# #.W.#
≈.....#...# #...#
......#+### #...#
......#.[.#{ #..%+
......#___# +...#
▓▓▓▓▓▓▓▓▓▓▓ ▓▓▓▓▓


You could see a shadow.

Vanquished Creatures
  A deep elf mage (D)
  A necrophage (D)
  A water elemental (D)
  A jelly (D)
  A wizard (D)
  A necromancer (D)
  A kobold demonologist (D)
  3 humans (D)
  A wolf (D)
  An ooze (D)
  3 rats (D)
15 creatures vanquished.

Vanquished Creatures (others)
  2 draconian scorchers (D)
  A yaktaur (D)
  6 hellions (D)
  3 plants (D)
12 creatures vanquished.

Grand Total: 27 creatures vanquished

Notes
Turn   | Place    | Note
-------+----------+-------------------------------------------
     0 | D        | Kidiri the Deep Elf Fire Elementalist began the quest for the Orb.
     0 | D        | Reached XP level 1. HP: 10/10 MP: 6/6
    72 | D        | Killed a hellion
    73 | D        | Killed a hellion
   112 | D        | Killed a hellion
   113 | D        | Killed a hellion
   116 | D        | Killed a hellion
   158 | D        | Killed a hellion
   170 | D        | Reached skill level 1 in Fighting
   170 | D        | Reached skill level 1 in Armour
   170 | D        | Reached skill level 4 in Spellcasting
   170 | D        | Reached XP level 2. HP: 16/16 MP: 0/9
   178 | D        | Learned a level 2 spell: Throw Flame
   178 | D        | Killed a white draconian scorcher
   181 | D        | Killed a white draconian scorcher
   281 | D        | Reached skill level 5 in Spellcasting
   281 | D        | Reached XP level 3. HP: 21/21 MP: 5/11
   286 | D        | Learned a level 3 spell: Conjure Flame
   290 | D        | Learned a level 3 spell: Inner Flame
   295 | D        | Killed a yaktaur
   319 | D        | Gained mutation: You have a pair of small antennae on your head. [potion of mutation]
   319 | D        | Gained mutation: You possess an exceptional clarity of mind. [potion of mutation]
   319 | D        | Gained mutation: You are resistant to electric shocks. (rElec) [potion of mutation]
   320 | D        | Gained mutation: Your flesh is heat resistant. (rF+) [potion of mutation]
   320 | D        | Gained mutation: Your magical capacity is low. (-10% MP) [potion of mutation]
   320 | D        | Gained mutation: You are agile. (Dex +2) [potion of mutation]
   344 | D        | Noticed a water elemental
   348 | D        | Killed a water elemental
   348 | D        | Reached skill level 6 in Spellcasting
   348 | D        | Reached XP level 4. HP: 27/27 MP: 4/13
   398 | D        | Learned a level 4 spell: Sticky Flame
   420 | D        | Found a radiant altar of Vehumet.
   421 | D        | Found a deep blue altar of Sif Muna.
   421 | D        | Found an ancient bone altar of Kikubaaqudgha.
   421 | D        | Noticed a wizard
   423 | D        | Killed a wizard
   423 | D        | Reached skill level 7 in Spellcasting
   423 | D        | Reached skill level 5 in Fire Magic
   426 | D        | Reached skill level 5 in Dodging
   426 | D        | Reached XP level 5. HP: 23/32 MP: 0/15
   443 | D        | Learned a level 5 spell: Fireball
   445 | D        | Became a worshipper of Vehumet
   530 | D        | Found a glowing silver altar of Zin.
   531 | D        | Found a glowing golden altar of the Shining One.
   531 | D        | Found a white marble altar of Elyvilon.
   531 | D        | Noticed a deep elf mage
   538 | D        | Killed a deep elf mage
   538 | D        | Reached skill level 10 in Spellcasting
   538 | D        | Reached skill level 5 in Conjurations
   538 | D        | Reached XP level 6. HP: 19/39 MP: 6/19
   688 | D        | Found a hide-covered altar of Uskayaw.
   688 | D        | Found a roughly hewn altar of Beogh.
   688 | D        | Found an iron altar of Okawaru.
   688 | D        | Found a bloodstained altar of Trog.
   688 | D        | Noticed a human
   689 | D        | Noticed a human
   693 | D        | Killed a human
   693 | D        | Reached XP level 7. HP: 42/44 MP: 6/21
   695 | D        | Killed a human
   695 | D        | Reached * piety under Vehumet
   695 | D        | Offered knowledge of Shock by Vehumet.
   695 | D        | Reached skill level 11 in Spellcasting
   698 | D        | Learned a level 1 spell: Shock
   784 | D        | Found a basalt altar of Yredelemnul.
   784 | D        | Found a shadowy altar of Dithmenos.
   784 | D        | Found a sacrificial altar of Ru.
   791 | D        | Reached skill level 5 in Fighting
   791 | D        | Reached skill level 5 in Armour
   791 | D        | Reached skill level 1 in Air Magic
   926 | D        | Reached ** piety under Vehumet
   926 | D        | Offered knowledge of Magic Dart by Vehumet.
   927 | D        | Noticed a shadow
   933 | D        | Slain by a shadow

Vault maps used:
D:        dungeon_sprint_mu

Skill      XL: |  1  2  3  4  5  6  7 |
---------------+----------------------+-----
Conjurations   | 2 3 4 5 6 |  6.8
Fighting       | 1 2 4 5 |  5.0
Armour         | 1 2 4 5 |  5.0
Dodging        | 3 4 5 6 7 |  7.8
Spellcasting   | 4 5 6 7 10 11 | 11.6
Fire Magic     | 4 5 6 7 |  7.5
Short Blades   | 3 4 |  4.6
Air Magic      | 1 |  1.3
Stealth        | |  2.4

Action                   |  1- 3 |  4- 6 |  7- 9 || total
-------------------------+-------+-------+-------++-------
Melee: Dagger            |       |     1 |       ||     1
 Cast: Flame Tongue      |    19 |     2 |     8 ||    29
       Throw Flame       |     2 |       |     2 ||     4
       Conjure Flame     |     1 |       |     1 ||     2
       Sticky Flame      |       |     5 |       ||     5
       Fireball          |       |     1 |     1 ||     2
       Inner Flame       |       |       |     2 ||     2
  Use: Potion            |     3 |     2 |     1 ||     6
       Scroll            |     3 |       |       ||     3
 Stab: Sleeping          |       |     1 |       ||     1
  Eat: Chunk             |       |       |     1 ||     1
Dodge: Dodged            |     3 |     7 |     2 ||    12
